Map: Simulacrum LE

Players

RuFF - Winner!

  • Race: Terran Terran
  • League: Master
  • Spawn Location: 5:00

Complex

  • Race: Zerg Zerg
  • League: Master
  • Spawn Location: 11:00

VOD

Have the link to the VOD?

Description

Time

  • Played on: Dec. 15, 2019, 12:47 p.m.
  • Length: 8:28
Show
View Real Time Build Order
Export as new Build Order

RuFF Terran - Winner!

Build Orders: Hellion Opening 

Get SALT Encoding   

  12  0:01  SCV  
  13  0:13  SCV  
  14  0:25  Supply Depot, SCV  
  15  0:33  Refinery  
  15  0:47  SCV  
  16  0:50  Barracks  
  16  1:00  Barracks  
  16  1:04  SCV  
  17  1:16  SCV  
  18  1:29  SCV  
  20  1:41  Factory  
  20  1:42  Orbital Command  
  19  1:47  Marine  
  19  1:51  Bunker  
  20  2:00  Barracks Reactor  
  20  2:05  Marine  
  21  2:09  Supply Depot  
  21  2:12  SCV  
  22  2:23  Marine, Bunker  
  23  2:30  SCV  
  23  2:33  Supply Depot  
  24  2:41  Marine  
  24  2:42  SCV, Hellion  
  28  2:48  Hellion  
  30  3:00  Marine  
  31  3:07  Hellion  
  31  3:09  Hellion  
  35  3:19  SCV  
  34  3:30  Hellion  
  34  3:31  Hellion  
  34  3:52  Hellion x2  
  34  3:54  Command Center  
  34  3:59  SCV  
  34  4:02  Refinery  
  35  4:04  Starport  
  35  4:12  SCV  
  35  4:13  Hellion  
  38  4:24  Armory  
  38  4:31  SCV  
  39  4:44  Supply Depot  
  39  4:48  Supply Depot  
  39  5:05  Medivac  
  39  5:06  Hellion x2  
  45  5:09  SCV  
  46  5:18  Terran Ship Weapons Level 1  
  46  5:19  Orbital Command  
  46  5:22  SCV  
  46  5:24  Refinery x2  
  47  5:34  SCV  
  48  5:35  Starport  
  48  5:37  Starport Tech Lab  
  48  5:45  Fusion Core  
  48  5:46  SCV  
  49  5:51  SCV  
  50  5:58  SCV  
  51  6:12  Hellion x2  
  55  6:18  Engineering Bay  
  51  6:44  Starport Tech Lab  
  36  7:09  Battlecruiser x2  
  46  7:17  Hellion  
  46  7:20  Hellion  
  50  7:24  SCV  
  51  7:40  Hellion x2  
  51  7:41  Hellion x2  
  55  7:57  SCV x2  
  57  8:04  Hellion x2  
Show
View Real Time Build Order
Export as new Build Order

Complex Zerg 

Build Orders: Hatch First 

Get SALT Encoding   

  12  0:01  Drone  
  13  0:12  Overlord  
  13  0:16  Drone  
  14  0:31  Drone x2  
  16  0:36  Drone  
  17  0:51  Hatchery  
  17  0:55  Drone  
  17  0:58  Drone  
  18  1:10  Extractor  
  17  1:14  Spawning Pool  
  17  1:17  Drone  
  17  1:20  Drone  
  18  1:28  Drone  
  19  1:39  Overlord  
  19  2:02  Zergling x4  
  19  2:03  Queen  
  19  2:04  Zergling x2  
  24  2:09  Spine Crawler  
  24  2:11  Zergling x2  
  24  2:12  Spine Crawler  
  23  2:16  Metabolic Boost  
  23  2:19  Zergling x2  
  24  2:27  Zergling x4  
  26  2:36  Spine Crawler  
  26  2:37  Drone x2  
  27  2:46  Queen  
  29  2:58  Zergling x4  
  29  2:59  Zergling x2  
  30  3:23  Zergling x2  
  30  3:24  Zergling x8  
  31  3:34  Drone  
  31  3:35  Drone x3  
  31  3:40  Drone x2  
  29  3:49  Drone  
  30  3:57  Drone  
  31  4:07  Drone x2  
  29  4:25  Hatchery  
  29  4:28  Drone  
  29  4:31  Drone  
  30  4:33  Drone  
  30  4:38  Drone  
  32  4:40  Drone  
  32  4:42  Drone  
  34  4:48  Overlord  
  34  4:55  Drone x2  
  34  4:57  Overlord  
  36  5:04  Overlord  
  36  5:07  Drone x2  
  36  5:13  Drone x2  
  40  5:19  Drone x3  
  43  5:22  Drone  
  44  5:31  Queen  
  44  5:32  Queen  
  48  5:50  Zergling x20  
  48  5:54  Spine Crawler  
  57  6:19  Spine Crawler  
  45  6:45  Zergling x30  
  53  6:50  Queen  
  53  6:51  Queen  
  53  6:53  Queen  
  53  6:54  Zergling x8  
  51  7:09  Drone x3  
  51  7:14  Drone  
  55  7:15  Drone  
  55  7:18  Drone  
  57  7:25  Drone  
  57  7:27  Extractor, Lair  
  57  7:39  Drone x2  
  57  7:40  Overlord, Drone  
  60  7:46  Evolution Chamber  
  60  7:47  Evolution Chamber, Drone x2, Baneling Nest  
  59  7:58  Drone  
  59  7:59  Drone x5  
  59  8:03  Overlord  
  65  8:06  Overlord  
  65  8:07  Drone x3  
  68  8:14  Drone x4  
  68  8:15  Drone x2  
Tags
 
Add a new tag
Caveats
  • Supply blocks, unpowered buildings, or Contaminate may cause inaccurate times.
  • Supply counts are checked every 10 seconds.